 Dungeon Crawl Stone Soup version 0.27-a0-1188-g73eefd5def (webtiles) character file.

Game seed: 13467847986538538954

98 HendSelp the Bolt Thrower (level 5, -5/16 (30) HPs)
             Began as a Kobold Hunter on May 20, 2021.
             Slain by Duvessa
             ... wielding a +2 short sword of draining
              (7 damage)
             ... on level 4 of the Dungeon.
             The game lasted 00:02:20 (3612 turns).

HendSelp the Bolt Thrower (Kobold Hunter)           Turns: 3612, Time: 00:02:20

HP:   -5/16 (30)    AC:  6    Str:  9    XL:     5   Next: 1%
MP:   5/5           EV: 10    Int: 13    God:
Gold: 144           SH:  0    Dex: 16    Spells: 4/4 levels left

rFire    . . .     SeeInvis .   c - +1 dagger (venom)
rCold    . . .     Faith    .   (shield restricted)
rNeg     . . .     Spirit   .   j - +0 scale mail
rPois    .         Reflect  .   (no helmet)
rElec    .         Harm     .   (no cloak)
rCorr    .         Rampage  .   (no gloves)
Will     .....                  (no boots)
Stlth    +.........             (no amulet)
HPRegen  0.05/turn              (no ring)
MPRegen  0.09/turn              (no ring)

@: very heavily drained
A: small, no large weapons, nightstalker 3
a: no special abilities


You were on level 4 of the Dungeon.
You visited 1 branch of the dungeon, and saw 4 of its levels.

You collected 144 gold pieces.

Inventory:

Hand Weapons
 a - a +2 hand crossbow
 c - a +1 dagger of venom (weapon)
Armour
 j - a +0 scale mail (worn)
Scrolls
 b - a scroll of identify
Potions
 f - a potion of curing
 g - a potion of attraction


   Skills:
 - Level 2.1 Fighting
 + Level 7.2 Crossbows
 - Level 2.4 Dodging
 - Level 1.3 Stealth


You had 4 spell levels left.
You didn't know any spells.
Your spell library was empty.

Dungeon Overview and Level Annotations

Branches:
Dungeon (4/15)
 Temple: D:4-7

Altars:
The Shining One

Annotations:
D:4 Dowan, Duvessa


Innate Abilities, Weirdness & Mutations

You are small and have problems with some larger weapons.
You are completely attuned to the shadows.


Message History

You hit Duvessa but do no damage.
Duvessa is poisoned.
Duvessa yells, "You can run, but you cannot escape us forever!"
You closely miss Duvessa.
Duvessa is lightly wounded.
Duvessa closely misses you.
Unknown command.
You hit Duvessa.
Duvessa looks as sick as possible!
Duvessa is moderately wounded.
Duvessa closely misses you.
Unknown command.
You hit Duvessa but do no damage.
Duvessa looks as sick as possible!
Duvessa is moderately wounded.
Duvessa hits you with a +2 short sword of draining.
You feel drained.
Unknown command.
Duvessa hits you with a +2 short sword of draining.
* * * LOW HITPOINT WARNING * * *
You feel drained.
* * * LOW HITPOINT WARNING * * *
You climb upwards.
There is a stone staircase leading down here.
You start resting.
HP restored.
You climb downwards.
Level annotation: Dowan, Duvessa Dowan hits you but does no damage.
Duvessa hits you with a +2 short sword of draining.
You feel drained.
Dowan hits you with a +1 dagger of electrocution.
You are electrocuted!
Ouch! That really hurt!
* * * LOW HITPOINT WARNING * * *
Duvessa barely misses you.
There is a stone staircase leading up, spattered with blood here.
Unknown command.
Unknown command.
Dowan hits you with a +1 dagger of electrocution.
* * * LOW HITPOINT WARNING * * *
Duvessa hits you with a +2 short sword of draining!
You die...

.###.#.# #..#
# # #.## #
#.##.##.#
#.......#
####.#### #.#
#.#########..
#......e@e..#
#####.#.##..#
#.#.....#
#.####.## #.#
# #..


You could see Duvessa and Dowan.

Vanquished Creatures
  An orc priest (D:2)
  7 orcs
  4 bats (D:1)
  7 endoplasms
  2 giant cockroaches (D:1)
  7 goblins
  2 hobgoblins (D:3)
  11 jackals (D:1)
  3 kobolds
  A quokka (D:2)
  4 ball pythons
  2 frilled lizards
  3 rats
54 creatures vanquished.

Vanquished Creatures (others)
  2 fungi (D:1)
  A plant (D:1)
3 creatures vanquished.

Grand Total: 57 creatures vanquished

Notes
Turn   | Place    | Note
-------+----------+-------------------------------------------
     0 | D:1      | HendSelp the Kobold Hunter began the quest for the Orb.
     0 | D:1      | Reached XP level 1. HP: 12/12 MP: 1/1
    27 | D:1      | Reached skill level 5 in Crossbows
    78 | D:1      | Reached XP level 2. HP: 15/17 MP: 2/2
   288 | D:1      | Reached XP level 3. HP: 21/21 MP: 3/3
   323 | D:1      | Reached skill level 6 in Crossbows
   814 | D:1      | Found a faded altar of an unknown god.
  1153 | D:2      | Reached XP level 4. HP: 26/26 MP: 4/4
  1874 | D:3      | Reached skill level 7 in Crossbows
  2093 | D:3      | Found a glowing golden altar of the Shining One.
  2473 | D:3      | Reached XP level 5. HP: 26/30 MP: 5/5
  2568 | D:4      | Noticed Duvessa
  2569 | D:4      | Noticed Dowan
  3612 | D:4      | Slain by Duvessa

Illustrated notes

Levels and vault maps discovered:
D:1:      dpeg_arrival_tiny_a, layout_basic,
          shapermc_ecumenical_altar_hornbeckon
D:2:      layout_basic
D:3:      layout_rooms, tso_oasis_becter, corexii_leaking_fountain,
          guppyfry_early_lair_pool
D:4:      layout_loops_cross, minmay_joined_circles, uniq_duvessa

Skill      XL: |  1  2  3  4 |
---------------+-------------+-----
Crossbows      | 5 6 7 |  7.2
Fighting       | |  2.1
Dodging        | |  2.4
Stealth        | |  1.3

Action                   |  1- 3 |  4- 6 || total
-------------------------+-------+-------++-------
Melee: Dagger            |       |     6 ||     6
 Fire: Hand crossbow     |    85 |    42 ||   127
  Use: Scroll            |     1 |     5 ||     6
Armor: Leather armour    |     4 |       ||     4
       Scale mail        |       |     4 ||     4
Dodge: Dodged            |    28 |    10 ||    38

Table legend: (Time is in decaauts)
 A = Elapsed time spent in this place.
 B = Non-inter-level travel time spent in this place.
 C = Inter-level travel time spent in this place.
 D = Time resting spent in this place.
 E = Time spent auto-exploring this place.
 F = Levels seen in this place.
 G = Mean time per level.
                   A        B        C        D        E       F      G
               +--------+--------+--------+--------+--------+-----+--------+
         Total |   3641 |   3569 |     72 |    999 |   2228 |   4 |  910.2 |
       Dungeon |   3641 |   3569 |     72 |    999 |   2228 |   4 |  910.2 |
               +--------+--------+--------+--------+--------+-----+--------+

Top non-repeatable levels by time:
     D:3: 1701 daAuts
     D:1: 1113 daAuts
     D:2: 768 daAuts
     D:4: 57 daAuts
